 Dungeon Crawl Stone Soup version 0.30-a0-118-ga018f8e90f (webtiles) character file.

Game seed: 6710645809802850040

42045 Newt the Basher (level 13, 0/103 HPs)
             Began as a Demonspawn Gladiator on Sept 13, 2022.
             Was an Elder of Qazlal.
             Slain by a tengu warrior
             ... wielding a +0 great mace
              (20 damage)
             ... on level 14 of the Dungeon.
             The game lasted 00:22:07 (14654 turns).

Newt the Basher (Demonspawn Gladiator)             Turns: 14654, Time: 00:22:09

Health: 0/103      AC: 16    Str: 29    XL:     13   Next: 83%
Magic:  0/19       EV: 13    Int:  6    God:    Qazlal [****..]
Gold:   820        SH: 19    Dex: 25    Spells: 12/12 levels left

rFire   . . .      SeeInvis +    N - -1 demon whip (venom)
rCold   . . .      Faith    .    l - +0 tower shield
rNeg    + . .      Spirit   +    F - +1 ring mail "Woisugom" {Str+9 SInv}
rPois   .          Reflect  .    Q - +1 hat
rElec   .          Harm     .    S - +0 cloak
rCorr   .          Rampage  .    B - +0 pair of gloves
Will    .....                    L - +0 pair of boots
Stlth   +.........               H - amulet of Gifer {Spirit rN+ Int-3 Dex+4}
HPRegen 0.27/turn                I - +6 ring of dexterity
MPRegen 0.16/turn                (no ring)

@: silenced, repel missiles
A: thin metallic scales 2, powered by death 3, demonic touch 2, MP-powered wands
a: Renounce Religion


You were on level 14 of the Dungeon.
You worshipped Qazlal.
Qazlal was greatly pleased with you.
You visited 2 branches of the dungeon, and saw 16 of its levels.

You collected 820 gold pieces.

Inventory:

Hand Weapons
 a - a +0 rapier of protection
 t - a +1 dagger of venom
 y - the +0 flail of Ruination {distort, Will+ Stlth+}
   (You found it on level 5 of the Dungeon)

   It warps and distorts space around it, and may blink, banish, or inflict
   extra damage upon those it strikes.
   Unwielding it can cause banishment or high damage.
   Will:      It increases your willpower.
   Stlth:     It makes you more stealthy.
 N - a -1 demon whip of venom (weapon)
 P - a +4 mace of protection
Missiles
 i - 23 poisoned darts (quivered)
 s - a javelin
 w - 6 curare-tipped darts
 Z - 3 datura-tipped darts
Armour
 g - the +1 robe of Vines {NoPotionHeal Regen++++}
   (You found it on level 13 of the Dungeon)

   Its wearer cannot be healed by potions.
   Regen:     It increases your rate of health regeneration.
 l - a +0 tower shield (worn)
 x - the +4 scale mail "Vaucsy" {Fly Regen+}
   (You found it on level 5 of the Dungeon)

   Fly:       It grants you flight.
   Regen:     It increases your rate of health regeneration.
 B - a +0 pair of gloves (worn)
 C - a +2 ring mail of willpower
 F - the +1 ring mail "Woisugom" (worn) {Str+9 SInv}
   (You found it on level 10 of the Dungeon)

   Str:       It affects your strength (+9).
   SInv:      It lets you see invisible.
 L - a +0 pair of boots (worn)
 Q - a +1 hat (worn)
 S - a +0 cloak (worn)
 X - a +0 crystal plate armour
Jewellery
 m - a ring of wizardry
 E - a ring of fire
 H - the amulet of Gifer (around neck) {Spirit rN+ Int-3 Dex+4}
   (You found it on level 8 of the Dungeon)

   [amulet of guardian spirit]

   It causes incoming damage to be divided between your reserves of health and
   magic.
   Int:       It affects your intelligence (-3).
   Dex:       It affects your dexterity (+4).
   rN:        It protects you from negative energy.
 I - a +6 ring of dexterity (left hand)
 V - a ring of ice
Wands
 b - a wand of digging (11)
 e - a wand of iceblast (7)
 M - a wand of polymorph (5)
 W - a wand of charming (7)
Scrolls
 d - 3 scrolls of magic mapping
 f - 6 scrolls of fog
 k - 2 scrolls of identify
 n - 4 scrolls of brand weapon
 r - 5 scrolls of teleportation
 J - 3 scrolls of fear
 O - 2 scrolls of enchant armour
 R - a scroll of poison
Potions
 c - a potion of haste {unknown}
 h - a potion of brilliance
 j - 5 potions of flight
 q - a potion of resistance
 u - 2 potions of ambrosia
 v - a potion of cancellation
 z - 2 potions of mutation {unknown}
 A - 4 potions of berserk rage {unknown}
 D - 6 potions of curing
 G - 2 potions of lignification {unknown}


   Skills:
 - Level 10.0 Fighting
 - Level 5.0 Short Blades
 + Level 13.6 Maces & Flails
 - Level 1.7 Throwing
 - Level 9.0 Armour
 - Level 8.0 Dodging
 - Level 2.0 Stealth
 - Level 8.0 Invocations
 - Level 8.0 Evocations


You had 12 spell levels left.
You didn't know any spells.
Your spell library contained the following spells:

 Spells                   Type           Power      Damage    Failure   Level
 Foxfire                  Conj/Fire      0%         2x1d4     100%        1
 Necrotise                Necr           0%         1d4       100%        1
 Sandblast                Erth           0%         2d4       100%        1
 Shock                    Conj/Air       0%         1d3       100%        1
 Sting                    Tmut/Pois      0%         1d3       100%        1
 Blink                    Tloc           0%         N/A       100%        2
 Ensorcelled Hibernation  Hex/Ice        0%         N/A       100%        2
 Passwall                 Tmut/Erth      0%         N/A       100%        2
 Call Canine Familiar     Summ           0%         N/A       100%        3
 Kindle Blastsparks       Fire/Tloc/Air  0%         2d10      100%        3
 Portal Projectile        Hex/Tloc       0%         N/A       100%        3
 Spider Form              Tmut/Pois      0%         N/A       100%        3
 Stone Arrow              Conj/Erth      0%         3d7       100%        3
 Summon Guardian Golem    Hex/Summ       0%         N/A       100%        3
 Swiftness                Air            0%         N/A       100%        3
 Vampiric Draining        Necr           0%         2d6       100%        3
 Airstrike                Air            0%         2d(0-16)  100%        4
 Anguish                  Hex/Necr       0%         N/A       100%        4
 Animate Armour           Summ/Erth      0%         N/A       100%        4
 Fulminant Prism          Conj/Hex       0%         3d6       100%        4
 Iskenderun's Mystic Bla  Conj/Tloc      0%         2d3       100%        4
 Leda's Liquefaction      Hex/Erth       0%         N/A       100%        4
 Manifold Assault         Tloc           0%         N/A       100%        4
 Olgreb's Toxic Radiance  Pois           0%         N/A       100%        4
 Summon Ice Beast         Ice/Summ       0%         N/A       100%        4
 Summon Lightning Spire   Summ/Air       0%         N/A       100%        4
 Agony                    Necr           0%         N/A       100%        5
 Blade Hands              Tmut           0%         N/A       100%        5
 Lee's Rapid Deconstruct  Erth           0%         3d5*      100%        5
 Summon Mana Viper        Hex/Summ       0%         N/A       100%        5
 Iron Shot                Conj/Erth      0%         9d1       100%        6
 Monstrous Menagerie      Summ           0%         N/A       100%        7
 Orb of Destruction       Conj           0%         9d5       100%        7
 Spellforged Servitor     Conj/Summ      0%         N/A       100%        7
 Storm Form               Tmut/Air       0%         N/A       100%        7
 Ignition                 Fire           0%         3d3       100%        8
 Maxwell's Capacitive Co  Air            0%         ∞         100%        8


Dungeon Overview and Level Annotations

Branches:
Dungeon (15/15)            Temple (1/1) D:6            Lair (0/5) D:10
    Orc (0/2) D:10         Vaults (0/5) D:14
 Depths: D:15

Altars:
Ashenzari
Cheibriados
Dithmenos
Fedhas
Gozag
Hepliaklqana
Kikubaaqudgha
Makhleb
Nemelex Xobeh
Okawaru
Qazlal
Ru
Sif Muna
Trog
Uskayaw
Vehumet
Wu Jian
Xom
Yredelemnul

Shops:
D:1 (   D:4 :   D:8 (   D:9 [

Portals:
Trove: D:12 (give 7 scrolls of fear)

Annotations:
Abyss:1 Maggie, Maurice


Innate Abilities, Weirdness & Mutations

You are mostly covered in thin metallic scales. (AC +3)
You regenerate a lot of health from kills.
Your touch may inflict irresistible damage on your foes.
You expend magic power (3 MP) to strengthen your wands.


Message History

The orc sorcerer simulacrum hits you but does no damage.
The tengu warrior is engulfed in blazing flames.
You block the tengu warrior's attack. x2; The tengu warrior claws you.
* * * LOW HITPOINT WARNING * * *
The tengu warrior attacks as you move away!
The tengu warrior hits you but does no damage.
The tengu warrior pecks you but does no damage.
The tengu warrior closely misses you. The orc sorcerer simulacrum misses you.
The tengu warrior is engulfed in blazing flames.
The tengu warrior attacks as you move away!
The tengu warrior hits you with a +0 great mace.
* * * LOW HITPOINT WARNING * * *
You block the tengu warrior's attack. x2
The tengu warrior attacks as you move away!
The tengu warrior hits you but does no damage.
You block the tengu warrior's attack.
The tengu warrior claws you but does no damage.
The tengu warrior attacks as you move away!
You block the tengu warrior's attack.
The tengu warrior pecks you but does no damage.
You block the tengu warrior's attack.
Unknown command.
The tengu warrior attacks as you move away!
You block the tengu warrior's attack.
The tengu warrior pecks you but does no damage.
You block the tengu warrior's attack.
There is a stone staircase leading up here.
The tengu warrior hits you with a +2 long sword!
* * * LOW HITPOINT WARNING * * *
The tengu warrior closely misses you.
You block the tengu warrior's attack. x3
The tengu warrior claws you but does no damage.
You climb upwards.
There is a stone staircase leading down here.
You barely miss the tengu warrior.
The tengu warrior is heavily wounded.
You block the tengu warrior's attack. The tengu warrior pecks you.
* * * LOW HITPOINT WARNING * * *
You block the tengu warrior's attack.
The tengu warrior hits you with a +0 great mace!!
You die...

#.#.##.#.# #.# #.#
#......#.###.# #.#
#......#.....# #..
###.#.#..########## ###
######........# #.....#
#......#.##.#.####.....#
##.........○###.........#
##.......#..○Q#..###.....#
#...####.#.##@Q#.# #.....##
#...# #.........#######..# #...#
#....○.............# #
#...####...##.......##....# #
##........####.....####..## #
######..## ##...## ##.# # ##.##
##.## ###'### ##.## #
###...####(.####.....####...####
#.......#....##.#...#.##....))..


You could see 2 tengu warriors.

Vanquished Creatures
  Gastronok (D:9)
  Nessos (D:14)
  Snorg (D:11)
  The ghost of Jeffwins the Artisan of Death, a journeyman HuWn of Kikubaaqudgha (D:12)
  Fannar (D:10)
  4 vault guards (D:14)
  A rakshasa (D:14)
  An ogre mage (D:14)
  Erolcha (D:12)
  A hydra (D:14)
  A catoblepas (D:14)
  4 two-headed ogres
  Erica (D:11)
  A boulder beetle (D:13)
  5 centaur warriors
  2 tengu warriors
  Amaemon (D:9)
  A glowing orange brain (D:12)
  A necromancer (D:15)
  2 wizards
  Pikel (D:7)
  3 deep elf pyromancers (D:14)
  An orc knight (D:12)
  2 manticores
  5 ugly things
  4 cyclopes
  An orc sorcerer (D:15)
  A spectral centaur (D:11)
  A gargoyle (D:12)
  2 centaur zombies (D:11)
  A centaur skeleton (D:11)
  An orange demon (D:9)
  3 demonic crawlers (D:12)
  2 unseen horrors
  Psyche (D:9)
  2 kobold demonologists
  2 komodo dragons
  A tengu conjurer (D:14)
  3 trolls
  Prince Ribbit (D:5)
  3 slime creatures (D:13)
  2 centaur simulacra (D:14)
  3 wraiths
  2 shadows (D:10)
  A vampire (D:10)
  A wyvern (D:7)
  3 small abominations (D:12)
  8 yaks
  5 vampire mosquitoes
  A steam dragon (D:8)
  Grum (D:9)
  6 two-headed ogre zombies (D:14)
  5 acid dragons
  2 water moccasins
  A floating eye (D:12)
  3 orc warriors
  A sky beast (D:7)
  2 black bears (D:5)
  2 ogres (D:5)
  2 wolves (D:9)
  3 centaurs
  3 phantoms
  6 kobold brigands
  2 bullfrogs
  2 scorpions
  3 wights (D:8)
  A troll zombie (D:10)
  5 killer bees (D:10)
  A howler monkey (D:7)
  6 jellies
  A gnoll bouda (D:3)
  6 orc priests
  7 hounds (D:5)
  2 iguanas
  7 orc wizards
  A boggart skeleton (D:11)
  5 ogre zombies (D:10)
  A gnoll (D:6)
  8 adders
  A shadow imp (D:7)
  3 white imps
  A worm (D:5)
  2 dart slugs
  32 orcs
  5 bats
  4 endoplasms
  7 goblins
  9 hobgoblins
  4 jackals
  31 kobolds
  5 ball pythons
  8 frilled lizards
  A goblin skeleton (D:10)
  5 goblin zombies (D:10)
  A hobgoblin skeleton (D:10)
  3 hobgoblin zombies (D:10)
  2 orc skeletons (D:10)
  7 orc zombies (D:10)
  4 rats
329 creatures vanquished.

Vanquished Creatures (collateral kills)
  A slime creature (D:13)
1 creature vanquished.

Grand Total: 330 creatures vanquished

Notes
Turn   | Place    | Note
-------+----------+-------------------------------------------
     0 | D:1      | Newt the Demonspawn Gladiator began the quest for the Orb.
     0 | D:1      | Reached XP level 1. HP: 16/16 MP: 1/1
    51 | D:1      | Found Buijeh's Antique Weapon Shoppe.
    59 | D:1      | Reached skill level 1 in Stealth
   125 | D:1      | Gained mutation: You regenerate a little health from kills.
                  | [demonic ancestry]
   125 | D:1      | Reached XP level 2. HP: 22/22 MP: 2/2
   259 | D:1      | Found a faded altar of an unknown god.
   940 | D:2      | Gained mutation: Your touch may inflict minor irresistible
                  | damage on your foes. [demonic ancestry]
   940 | D:2      | Reached XP level 3. HP: 12/28 MP: 3/3
  1946 | D:3      | Reached XP level 4. HP: 37/37 MP: 4/4
  2484 | D:4      | Noticed a phantom
  2502 | D:4      | Noticed a scorpion
  2507 | D:4      | Reached XP level 5. HP: 15/42 MP: 5/5
  2863 | D:4      | Killed a phantom
  2864 | D:4      | Gained mutation: You regenerate health from kills. [demonic
                  | ancestry]
  2864 | D:4      | Reached XP level 6. HP: 48/48 MP: 6/6
  3040 | D:4      | Reached skill level 5 in Short Blades
  3337 | D:4      | Found Peanuloa's Vocational Training.
  3475 | D:4      | Found a broken altar of Ashenzari.
  3536 | D:5      | Entered Level 5 of the Dungeon
  3541 | D:5      | Identified the +4 scale mail "Vaucsy" {Fly Regen+}
  3913 | D:5      | Gained mutation: You are partially covered in thin metallic
                  | scales. (AC +2) [demonic ancestry]
  3913 | D:5      | Reached XP level 7. HP: 54/54 MP: 7/7
  3936 | D:5      | Reached skill level 5 in Dodging
  3943 | D:5      | Identified the +0 flail of Ruination {distort, Will+
                  | Stlth+}
  4154 | D:5      | Reached skill level 5 in Fighting
  4189 | D:5      | Reached skill level 1 in Maces & Flails
  4194 | D:5      | Reached skill level 2 in Maces & Flails
  4212 | D:5      | Reached skill level 3 in Maces & Flails
  4219 | D:5      | Gained mutation: Your touch may inflict irresistible damage
                  | on your foes. [demonic ancestry]
  4219 | D:5      | Reached XP level 8. HP: 62/62 MP: 8/8
  4771 | D:6      | Noticed Prince Ribbit
  4786 | D:6      | Reached skill level 4 in Maces & Flails
  5033 | D:5      | Killed Prince Ribbit
  5034 | D:5      | Reached skill level 5 in Maces & Flails
  5188 | D:5      | Reached skill level 6 in Maces & Flails
  5355 | D:6      | Found a staircase to the Ecumenical Temple.
  5435 | Temple   | Entered the Ecumenical Temple
  5529 | Temple   | Became a worshipper of Qazlal Stormbringer
  5678 | D:6      | Found a hide-covered altar of Uskayaw.
  5791 | D:7      | Noticed Maggie
  5810 | D:7      | Banished Maggie
  5811 | D:7      | Reached skill level 7 in Maces & Flails
  5811 | D:7      | Reached XP level 9. HP: 20/68 MP: 9/9
  5995 | D:7      | Noticed Pikel
  6000 | D:7      | Killed Pikel
  6001 | D:7      | Reached skill level 8 in Maces & Flails
  6225 | D:7      | Found a blossoming altar of Fedhas.
  6444 | D:7      | Found a bloodstained altar of Trog.
  6489 | D:8      | Identified the amulet of Gifer {Spirit rN+ Int-3 Dex+4}
  6510 | D:8      | Reached skill level 5 in Armour
  6571 | D:8      | Reached * piety under Qazlal
  6589 | D:8      | Found Juiwor's Weapon Shop.
  7236 | D:9      | Noticed an orange demon
  7251 | D:9      | Noticed Amaemon
  7272 | D:9      | Killed an orange demon
  7273 | D:9      | Reached XP level 10. HP: 74/74 MP: 7/10
  7297 | D:9      | Killed Amaemon
  7298 | D:9      | Reached skill level 5 in Evocations
  7466 | D:9      | Found Kempox's Antique Armour Shop.
  7595 | D:9      | Noticed Grum
  7610 | D:9      | Killed Grum
  7611 | D:9      | Reached skill level 9 in Maces & Flails
  7897 | D:9      | Found a shimmering altar of Xom.
  7898 | D:9      | Found a basalt altar of Yredelemnul.
  7920 | D:9      | Noticed Maurice
  7923 | D:9      | Banished Maurice
  7924 | D:9      | Reached skill level 10 in Maces & Flails
  7943 | D:9      | Gained mutation: You expend magic power (3 MP) to
                  | strengthen your wands. [mutagenic glow]
  7967 | D:9      | Noticed Psyche
  7975 | D:9      | Killed Psyche
  7992 | D:9      | Noticed Gastronok
  8017 | D:9      | Killed Gastronok
  8018 | D:9      | Reached skill level 11 in Maces & Flails
  8089 | D:9      | Gained mutation: You are mostly covered in thin metallic
                  | scales. (AC +3) [demonic ancestry]
  8089 | D:9      | Reached XP level 11. HP: 72/79 MP: 8/11
  8094 | D:9      | Reached ** piety under Qazlal
  8374 | D:10     | Entered Level 10 of the Dungeon
  8374 | D:10     | Found a staircase to the Lair.
  8424 | D:10     | Found a staircase to the Orcish Mines.
  8702 | D:10     | Noticed a two-headed ogre
  8715 | D:10     | Killed a two-headed ogre
  8716 | D:10     | Reached skill level 12 in Maces & Flails
  8742 | D:10     | Identified the +1 ring mail "Woisugom" {Str+9 SInv}
  8899 | D:10     | Found a sacrificial altar of Ru.
  9265 | D:10     | Noticed Fannar
  9285 | D:10     | Killed Fannar
 10043 | D:11     | Noticed a two-headed ogre
 10054 | D:11     | Killed a two-headed ogre
 10055 | D:11     | Reached *** piety under Qazlal
 10134 | D:11     | Noticed a two-headed ogre
 10153 | D:11     | Killed a two-headed ogre
 10337 | D:11     | Noticed Snorg
 10359 | D:11     | Killed Snorg
 10705 | D:11     | Gained mutation: You regenerate a lot of health from kills.
                  | [demonic ancestry]
 10705 | D:11     | Reached XP level 12. HP: 84/91 MP: 10/12
 10853 | D:11     | Noticed Erica
 10863 | D:11     | Killed Erica
 10955 | D:12     | Found a broken altar of Ashenzari.
 11138 | D:12     | Found a portal to a secret trove of treasure.
 11202 | D:12     | Found a runed translucent door.
 11206 | D:12     | Noticed Jeffwins's ghost (journeyman HuWn)
 11299 | D:12     | Noticed a two-headed ogre
 11310 | D:12     | Killed a two-headed ogre
 11311 | D:12     | Reached skill level 5 in Invocations
 11753 | D:12     | Noticed a tengu warrior
 11774 | D:12     | Killed a tengu warrior
 11793 | D:12     | Noticed a two-headed ogre
 11859 | D:12     | Got Sif Muna's Volume of Venin and Pyromania
 12067 | D:12     | Noticed Erolcha
 12073 | D:12     | Killed Erolcha
 12359 | D:12     | Killed Jeffwins's ghost
 12652 | D:13     | Noticed a centaur warrior
 12657 | D:13     | Killed a centaur warrior
 12678 | D:13     | Reached XP level 13. HP: 79/98 MP: 11/19
 13186 | D:13     | Found the +1 robe of Vines {NoPotionHeal Regen++++}
 13559 | D:14     | Reached **** piety under Qazlal
 13621 | D:14     | Found the +7 sceptre of Torment {pain, torment}
 13747 | D:14     | Noticed Nessos
 13767 | D:14     | Killed Nessos
 13782 | D:14     | Found a gate to the Vaults.
 13815 | D:14     | Reached skill level 10 in Fighting
 14012 | D:14     | Reached skill level 13 in Maces & Flails
 14115 | D:14     | Found a hazy altar of Hepliaklqana.
 14613 | D:15     | Entered Level 15 of the Dungeon
 14636 | D:15     | Noticed an ettin
 14654 | D:14     | Slain by a tengu warrior

Illustrated notes

Levels and vault maps discovered:
D:1:      psy_arrival_basics, layout_loops_ring,
          hellmonk_ecumenical_altar_heavens_door, serial_shops, shop
D:2:      layout_basic
D:3:      layout_basic, minivault_23, hangedman_decor_diamond_cutter,
          serial_park_tiny_2, minmay_box_of_dots
D:4:      layout_loops_ring, mainiacjoe_overflow_alcove_2,
          nicolae_shop_vocational
D:5:      layout_cave_pods
D:6:      layout_rooms, nicolae_uskayaw_dance_studio,
          minmay_temple_entry_steel_oval, sigmund_army, uniq_prince_ribbit1
D:7:      layout_basic, mainiacjoe_overflow_alcove_4,
          mainiacjoe_overflow_large_starburst, supply_closet_lemuel,
          minmay_statues_item, feat_on_display, uniq_maggie, uniq_pikel
D:8:      layout_gridville, serial_shops, shop
D:9:      layout_loops_corners, mainiacjoe_overflow_divided_tiny, serial_shops,
          kennysheep_mini, uniq_grum, uniq_maurice, uniq_amaemon,
          uniq_gastronok, uniq_psyche
D:10:     layout_layer_cave, lemuel_round_altar, lair_entry_dummy,
          zombieorc1_lemuel, uniq_fannar
D:11:     layout_big_octagon, hangedman_weighted_door, uniq_erica, uniq_snorg
D:12:     cheibrodos_hippocracy, layout_long_grid, ebering_ghost_inner_flame,
          nicolae_trove_entry_crossroad, ashenzari_altar_1, uniq_erolcha
D:13:     layout_roguey
D:14:     lemuel_ogre_cave, layout_loops_cross,
          lightli_vaults_fourway_checkpoint, minmay_misc_feat_tiny,
          nzn_hepliaklqana_mist_gate, uniq_nessos
D:15:     hangedman_depths_entry_civil_slaughter, layout_irregular_city,
          dk_noncrumbling_4, kiku_gazebo_garden_becter
Temple:   nicolae_temple_two_arcs

Skill      XL: |  1  2  3  4  5  6  7  8  9 10 11 12 13 |
---------------+----------------------------------------+-----
Stealth        | 1 2 |  2.0
Fighting       | 3 4 5 7 8 10 | 10.0
Short Blades   | 3 4 5 |  5.0
Dodging        | 4 5 6 8 |  8.0
Maces & Flails | 3 7 8 11 12 13 | 13.6
Armour         | 6 9 |  9.0
Evocations     | 4 5 8 |  8.0
Invocations    | 8 |  8.0
Throwing       | |  1.7

Action                   |  1- 3 |  4- 6 |  7- 9 | 10-12 | 13-15 || total
-------------------------+-------+-------+-------+-------+-------++-------
Melee: Rapier            |    88 |    21 |       |       |       ||   109
       Touch             |     6 |    21 |    40 |   148 |    64 ||   279
       Dagger            |       |   116 |     9 |       |       ||   125
       Punch             |       |     2 |     2 |    14 |     3 ||    21
       Flail             |       |       |   208 |    97 |       ||   305
       Mace              |       |       |       |    56 |       ||    56
       Demon whip        |       |       |       |   460 |   274 ||   734
Throw: Javelin           |     1 |     1 |     1 |       |       ||     3
       Dart              |     1 |       |     3 |     1 |       ||     5
       Throwing net      |       |     4 |       |       |       ||     4
Evoke: Wand              |       |       |       |     1 |     2 ||     3
  Use: Scroll            |     4 |       |    10 |     8 |     1 ||    23
       Potion            |       |     3 |     2 |     5 |     2 ||    12
 Stab: Sleeping          |     7 |     3 |     4 |       |       ||    14
       Held in net/web   |       |     2 |       |       |       ||     2
       Betrayed ally     |       |       |       |       |     1 ||     1
Armor: Leather armour    |    29 |    30 |       |       |       ||    59
       Scale mail        |       |    20 |   119 |    97 |       ||   236
       Ring mail         |       |       |       |   117 |    87 ||   204
       Robe              |       |       |       |       |     1 ||     1
Dodge: Dodged            |    49 |    59 |   136 |   318 |   147 ||   709
       Repelled          |       |       |       |       |     2 ||     2
Block: Other             |       |       |     4 |    47 |    39 ||    90
       Tower shield      |       |       |       |       |    71 ||    71

Table legend: (Time is in decaauts)
 A = Elapsed time spent in this place.
 B = Non-inter-level travel time spent in this place.
 C = Inter-level travel time spent in this place.
 D = Time resting spent in this place.
 E = Time spent auto-exploring this place.
 F = Levels seen in this place.
 G = Mean time per level.
                   A        B        C        D        E       F      G
               +--------+--------+--------+--------+--------+-----+--------+
         Total |  14344 |  13800 |    544 |   2689 |   8802 |  16 |  896.5 |
       Dungeon |  14240 |  13704 |    536 |   2689 |   8724 |  15 |  949.3 |
        Temple |    103 |     95 |      8 |      0 |     78 |   1 |  103.0 |
               +--------+--------+--------+--------+--------+-----+--------+

Top non-repeatable levels by time:
     D:5: 1648 daAuts
    D:10: 1549 daAuts
    D:12: 1377 daAuts
     D:9: 1234 daAuts
    D:14: 1099 daAuts
     D:3: 1084 daAuts
    D:13: 967 daAuts
    D:11: 897 daAuts
     D:2: 892 daAuts
     D:1: 828 daAuts
     D:4: 718 daAuts
     D:7: 713 daAuts
     D:8: 688 daAuts
     D:6: 501 daAuts
  Temple: 103 daAuts
